Map: Tuonela LE

Players

Milk - Winner!

  • Race: Zerg Zerg
  • Spawn Location: 5:00

Toasted - Winner!

  • Race: Protoss Protoss
  • League: Diamond
  • Spawn Location: 6:00

GeneralSkimp - Winner!

  • Race: Protoss Protoss
  • Spawn Location: 5:00

OptimusPrime - Winner!

  • Race: Terran Terran
  • Spawn Location: 3:00

GINGER

  • Race: Zerg Zerg
  • Spawn Location: 11:00

IIIIIIII

  • Race: Zerg Zerg
  • Spawn Location: 11:00

madferit

  • Race: Zerg Zerg
  • League: Master
  • Spawn Location: 12:00

morpheus

  • Race: Zerg Zerg
  • Spawn Location: 9:00

VOD

Have the link to the VOD?

Description

Time

  • Played on: Sept. 13, 2026, 9:39 a.m.
  • Length: 17:15
Show
View Real Time Build Order
Export as new Build Order

Milk Zerg - Winner!

Build Orders: Hatch First 

Get SALT Encoding   

  8  0:07  Drone  
  8  0:13  Drone  
  10  0:16  Drone  
  11  0:27  Drone  
  12  0:34  Overlord  
  12  0:42  Extractor, Drone  
  13  0:53  Drone  
  13  0:57  Drone  
  15  1:07  Drone  
  16  1:20  Hatchery  
  16  1:25  Drone  
  16  1:29  Drone  
  17  1:39  Drone  
  18  1:46  Spawning Pool  
  17  1:49  Drone  
  17  1:52  Extractor  
  17  1:56  Drone  
  18  2:06  Drone  
  19  2:20  Drone  
  20  2:34  Queen  
  20  2:35  Spine Crawler  
  22  2:37  Drone x2, Spine Crawler  
  24  2:58  Metabolic Boost  
  24  3:00  Overlord  
  24  3:05  Overlord  
  23  3:20  Drone  
  23  3:22  Zergling x2  
  23  3:23  Zergling x2  
  25  3:33  Zergling x2  
  26  3:44  Hatchery, Drone  
  26  3:47  Drone x2  
  28  4:14  Zergling x2  
  28  4:15  Zergling x4  
  29  4:27  Lair  
  29  4:29  Drone x2  
  29  4:30  Extractor  
  29  4:49  Drone x2  
  31  4:58  Queen  
  31  4:59  Drone  
  34  5:00  Drone x3  
  34  5:03  Spine Crawler  
  34  5:04  Spine Crawler  
  35  5:18  Hatchery  
  35  5:19  Drone  
  35  5:20  Drone x2  
  34  5:47  Spine Crawler x2  
  32  5:54  Drone x4  
  32  5:55  Drone x3  
  39  5:59  Spire  
  38  6:05  Drone x2  
  38  6:08  Overlord x2, Extractor x2  
  38  6:21  Overlord  
  38  6:22  Drone x2  
  40  6:44  Drone  
  40  6:45  Drone x8  
  49  6:53  Queen  
  51  7:01  Hatchery  
  50  7:04  Drone x2  
  50  7:06  Drone  
  50  7:08  Drone x2  
  55  7:10  Extractor  
  55  7:11  Extractor  
  55  7:12  Zerg Flyer Weapons Level 1  
  53  7:17  Drone x2  
  53  7:18  Drone  
  56  7:44  Overlord  
  56  7:45  Overlord x2  
  56  7:46  Drone  
  56  7:47  Drone x8  
  65  8:09  Drone  
  65  8:10  Drone x5  
  65  8:11  Overlord x3  
  65  8:12  Overlord  
  71  8:16  Queen  
  73  8:20  Mutalisk  
  73  8:21  Mutalisk x2  
  73  8:23  Mutalisk  
  81  8:27  Mutalisk  
  81  8:28  Mutalisk  
  81  8:31  Mutalisk  
  81  8:33  Mutalisk  
  89  8:42  Mutalisk  
  89  8:43  Mutalisk x3  
  97  8:48  Mutalisk  
  97  8:49  Mutalisk  
  97  8:50  Mutalisk  
  97  8:52  Mutalisk  
  97  8:54  Mutalisk  
  107  8:57  Mutalisk  
  107  9:00  Overlord  
  107  9:02  Overlord  
  109  9:04  Overlord  
  109  9:06  Mutalisk  
  109  9:07  Zerg Flyer Armor Level 1  
  109  9:08  Mutalisk  
  93  9:40  Mutalisk x6  
  93  9:41  Mutalisk x2  
  101  10:00  Hatchery  
  101  10:04  Hatchery  
  99  10:26  Infestation Pit  
  98  10:41  Extractor  
  98  10:42  Extractor  
  96  10:43  Drone x3  
  96  10:44  Drone  
  96  10:45  Drone x2  
  96  10:46  Drone x4  
  96  10:47  Drone x5  
  111  11:00  Zerg Flyer Weapons Level 2  
  111  11:10  Overlord x2  
  111  11:11  Overlord x2, Mutalisk x4  
  111  11:12  Mutalisk x3  
  117  11:44  Queen  
  117  11:45  Drone  
  117  11:46  Drone x11, Mutalisk  
  131  11:47  Mutalisk x6  
  137  12:41  Zergling x2  
  137  12:42  Zergling x16  
  137  12:43  Zergling x2  
  137  12:44  Zergling x20, Mutalisk  
  150  12:45  Zergling x4, Mutalisk x4  
  169  12:55  Queen  
  171  13:15  Hive  
  171  13:16  Zerg Flyer Armor Level 2  
  171  13:18  Overlord  
  171  13:19  Overlord x4  
  171  13:37  Hatchery, Extractor  
  171  13:40  Extractor  
  168  13:50  Mutalisk x2  
  168  13:51  Mutalisk x12  
  168  13:52  Mutalisk x2  
  162  14:25  Mutalisk  
  162  14:26  Mutalisk x7  
  162  14:27  Mutalisk x3  
  162  14:28  Zergling x10  
  162  14:29  Zergling x18  
  196  14:32  Zergling x2  
  196  14:33  Zergling x6  
  195  15:00  Zergling x12  
  195  15:01  Zergling x2  
  195  15:02  Zergling x4  
  158  15:24  Mutalisk  
  158  15:25  Mutalisk  
  158  15:26  Mutalisk x7  
  158  15:27  Mutalisk x3  
  183  15:28  Zergling x2  
  183  15:29  Zergling x18  
  174  16:06  Zergling x2  
  174  16:07  Zergling x22  
  174  16:08  Zergling x14  
  187  16:29  Mutalisk  
  187  16:30  Mutalisk x7  
Show
View Real Time Build Order
Export as new Build Order

Toasted Protoss - Winner!

Build Orders:  

Get SALT Encoding   

  8  0:00  Probe  
  9  0:12  Probe  
  10  0:23  Pylon  
  10  0:29  Probe  
  11  0:41  Probe  
  12  0:53  Gateway  
  12  0:58  Probe (Chrono Boost)  
  13  1:06  Assimilator  
  13  1:10  Probe (Chrono Boost)  
  14  1:20  Probe  
  15  1:43  Cybernetics Core  
  15  1:45  Probe  
  16  1:53  Pylon  
  16  1:57  Probe (Chrono Boost)  
  17  2:05  Zealot (Chrono Boost)  
  19  2:09  Probe (Chrono Boost)  
  19  2:13  Pylon  
  20  2:17  Probe (Chrono Boost)  
  20  2:21  Warp Gate  
  21  2:24  Probe  
  22  2:32  Sentry (Chrono Boost)  
  24  2:39  Shield Battery  
  24  3:09  Nexus  
  24  3:20  Probe  
  24  3:25  Stalker  
  27  3:29  Gateway  
  27  3:32  Probe  
  27  3:33  Assimilator  
  28  3:44  Probe  
  28  3:46  Shield Battery  
  29  4:02  Stalker  
  31  4:05  Probe  
  32  4:18  Probe  
  32  4:24  Probe  
  34  4:25  Stalker (Chrono Boost)  
  34  4:30  Probe  
  39  4:32  Stalker (Chrono Boost)  
  39  4:36  Probe  
  39  4:37  Stalker (Chrono Boost)  
  42  4:42  Probe  
  43  4:48  Probe  
  44  4:55  Twilight Council  
  44  5:00  Gateway, Probe  
  44  5:02  Probe  
  46  5:11  Pylon  
  46  5:12  Probe  
  47  5:14  Probe  
  47  5:17  Stalker  
  50  5:29  Stalker  
  50  5:33  Stalker  
  54  5:43  Stalker  
  54  5:49  Blink (Chrono Boost)  
  56  5:59  Probe x2  
  58  6:06  Pylon  
  58  6:09  Assimilator  
  58  6:11  Assimilator  
  58  6:12  Pylon  
  58  6:23  Nexus  
  58  6:24  Probe x2  
  60  6:26  Pylon  
  60  6:27  Stalker  
  60  6:29  Stalker  
  64  6:34  Stalker  
  64  6:36  Probe x2  
  68  6:49  Shield Battery, Probe x2  
  68  6:51  Stalker x2  
  74  6:56  Stalker  
  76  7:07  Probe x2  
  78  7:10  Pylon  
  78  7:13  Pylon  
  78  7:16  Stalker  
  78  7:17  Stalker  
  82  7:28  Probe x2  
  84  7:30  Pylon  
  84  7:40  Probe x2  
  86  7:46  Probe  
  86  7:47  Stalker x2  
  86  7:48  Stalker  
  93  7:52  Probe x2  
  93  7:58  Probe  
  96  8:04  Probe  
  97  8:10  Assimilator, Probe x2  
  97  8:11  Assimilator  
  99  8:14  Gateway  
  99  8:15  Gateway  
  99  8:16  Probe  
  99  8:17  Gateway  
  100  8:20  Forge  
  100  8:22  Probe  
  100  8:23  Probe, Forge  
  100  8:24  Pylon  
  100  8:26  Pylon  
  102  8:28  Probe  
  103  8:34  Probe  
  94  8:57  Probe  
  94  9:01  Photon Cannon  
  95  9:03  Protoss Ground Weapons Level 1 (Chrono Boost), Protoss Ground Armor Level 1 (Chrono Boost), Photon Cannon  
  95  9:04  Zealot x3, Photon Cannon, Shield Battery  
  95  9:06  Photon Cannon  
  95  9:07  Charge  
  95  9:08  Shield Battery  
  101  9:13  Probe  
  102  9:20  Templar Archives  
  102  9:21  Photon Cannon  
  102  9:27  Zealot  
  102  9:28  Zealot x3  
  102  9:29  Photon Cannon  
  104  9:44  Zealot x2  
  108  9:52  Psionic Storm, Gateway  
  108  9:53  Gateway  
  108  9:56  Gateway  
  108  9:59  Gateway  
  108  10:01  Gateway  
  108  10:04  Gateway  
  108  10:05  Pylon  
  108  10:09  High Templar x4  
  108  10:10  High Templar x2  
  108  10:11  Pylon  
  120  10:15  Probe  
  121  10:35  Robotics Facility  
  121  10:37  Pylon  
  121  10:39  Pylon  
  121  10:40  Nexus  
  121  10:42  Pylon  
  121  10:43  Pylon  
  121  10:44  Probe x3  
  121  10:46  Pylon  
  124  10:56  Probe x3  
  127  10:58  Pylon  
  127  11:03  High Templar x5  
  137  11:06  High Templar  
  137  11:07  Protoss Ground Weapons Level 2 (Chrono Boost)  
  137  11:08  Probe  
  137  11:09  Archon  
  137  11:10  Archon x2  
  134  11:37  Stalker x2  
  134  11:38  Stalker x5  
  148  11:42  Shield Battery  
  148  11:46  Photon Cannon  
  148  11:47  Photon Cannon  
  148  11:48  Observer (Chrono Boost), Photon Cannon  
  137  12:06  Probe, Protoss Shields Level 1 (Chrono Boost)  
  138  12:14  Pylon  
  138  12:15  Pylon  
  138  12:17  Pylon, Immortal (Chrono Boost)  
  138  12:18  Probe, Assimilator  
  138  12:19  Pylon  
  138  12:21  Pylon, Assimilator  
  143  12:26  Probe  
  143  12:27  Probe  
  143  12:29  Zealot x6  
  157  12:30  Zealot, Probe  
  157  12:34  Shield Battery  
  160  12:39  Photon Cannon  
  160  12:42  Probe  
  160  12:43  High Templar x2  
  160  12:44  High Templar x2  
  169  12:49  Archon x2, Observer (Chrono Boost)  
  170  13:04  Probe  
  171  13:12  Photon Cannon  
  171  13:13  Photon Cannon  
  171  13:16  Probe, Photon Cannon  
  171  13:17  Protoss Ground Weapons Level 3 (Chrono Boost), Photon Cannon  
  171  13:19  Photon Cannon  
  172  13:20  Immortal (Chrono Boost)  
  172  13:27  Zealot x7  
  178  13:28  Zealot x2  
  194  13:36  Photon Cannon  
  194  13:39  Photon Cannon  
  194  13:40  Photon Cannon  
  194  13:43  Shield Battery  
  194  13:45  Protoss Shields Level 2 (Chrono Boost)  
  194  13:51  Observer  
  178  14:26  Zealot x2  
  178  14:27  Zealot x5  
  192  14:34  Immortal  
  192  14:46  Zealot x2  
  192  14:47  Zealot x2  
  144  15:12  Archon  
  144  15:13  Observer, Archon  
  144  15:14  Archon, Zealot x4  
  135  15:15  Zealot x6  
  155  15:25  Immortal  
  155  15:40  High Templar x2  
  155  15:41  High Templar x8  
  155  15:42  High Templar x2  
  179  15:59  Robotics Bay  
  179  16:00  Observer  
  179  16:04  Robotics Facility  
  180  16:16  Zealot x5  
  180  16:17  Zealot x5  
Show
View Real Time Build Order
Export as new Build Order

GeneralSkimp Protoss - Winner!

Build Orders:  

Get SALT Encoding   

  9  1:54  Probe (Chrono Boost)  
  9  2:02  Pylon  
  9  2:04  Probe (Chrono Boost)  
  10  2:09  Probe (Chrono Boost)  
  11  2:20  Probe  
  12  2:23  Gateway  
  12  2:25  Forge  
  12  2:36  Pylon  
  12  2:39  Pylon  
  12  2:45  Probe (Chrono Boost)  
  13  2:55  Probe (Chrono Boost)  
  14  3:04  Photon Cannon  
  14  3:06  Photon Cannon  
  14  3:09  Photon Cannon  
  14  3:13  Pylon  
  14  3:17  Probe (Chrono Boost)  
  15  3:25  Cybernetics Core  
  15  3:26  Zealot (Chrono Boost)  
  18  3:27  Probe (Chrono Boost)  
  18  3:34  Photon Cannon  
  18  3:53  Assimilator, Probe  
  19  3:57  Assimilator  
  19  4:05  Probe  
  20  4:25  Zealot  
  22  4:37  Probe  
  23  4:41  Pylon  
  23  4:49  Probe  
  24  5:00  Nexus  
  24  5:02  Stargate  
  25  5:07  Probe (Chrono Boost)  
  25  5:18  Probe (Chrono Boost)  
  26  5:32  Stargate  
  30  5:53  Oracle (Chrono Boost)  
  29  5:58  Probe  
  30  6:10  Probe  
  31  6:13  Assimilator  
  31  6:17  Assimilator  
  35  6:19  Probe  
  35  6:22  Probe  
  35  6:23  Void Ray (Chrono Boost)  
  37  6:31  Probe  
  38  6:34  Probe  
  38  6:39  Void Ray (Chrono Boost)  
  39  6:43  Probe  
  44  6:52  Probe  
  45  6:55  Probe  
  46  7:14  Void Ray (Chrono Boost)  
  47  7:35  Probe x2  
  47  7:36  Fleet Beacon  
  49  7:43  Phoenix (Chrono Boost)  
  51  7:48  Probe x2  
  51  7:49  Protoss Air Weapons Level 1 (Chrono Boost)  
  53  8:04  Phoenix  
  53  8:05  Phoenix  
  57  8:07  Probe  
  58  8:24  Anion Pulse-Crystals (Chrono Boost)  
  58  8:29  Phoenix  
  44  8:41  Phoenix  
  44  8:59  Probe x2  
  44  9:01  Phoenix  
  48  9:06  Photon Cannon, Phoenix  
  48  9:09  Pylon  
  50  9:11  Probe  
  49  9:26  Phoenix  
  49  9:28  Phoenix  
  51  9:33  Protoss Shields Level 1  
  53  9:43  Probe  
  54  9:47  Phoenix  
  54  9:51  Phoenix  
  56  9:57  Probe x2  
  56  9:59  Photon Cannon  
  60  10:12  Phoenix  
  62  10:14  Pylon  
  62  10:16  Phoenix  
  64  10:37  Phoenix  
  66  10:44  Phoenix  
  66  10:46  Protoss Air Weapons Level 2 (Chrono Boost)  
  68  10:53  Stargate  
  68  11:02  Phoenix  
  70  11:06  Nexus  
  70  11:07  Pylon  
  70  11:10  Pylon  
  70  11:11  Probe x2  
  70  11:29  Phoenix (Chrono Boost)  
  70  11:30  Phoenix (Chrono Boost)  
  72  11:35  Photon Cannon  
  72  11:36  Photon Cannon  
  72  11:39  Photon Cannon  
  72  11:42  Probe x2  
  72  11:43  Photon Cannon  
  74  11:49  Phoenix (Chrono Boost)  
  74  11:50  Phoenix (Chrono Boost)  
  76  12:05  Phoenix  
  78  12:09  Phoenix  
  78  12:12  Phoenix  
  82  12:21  Photon Cannon  
  82  12:30  Phoenix  
  82  12:34  Phoenix  
  78  12:49  Phoenix  
  80  12:54  Probe x2  
  80  12:55  Phoenix, Assimilator  
  80  12:57  Shield Battery  
  80  12:58  Assimilator  
  84  13:00  Pylon  
  84  13:02  Phoenix  
  84  13:04  Protoss Air Armor Level 1 (Chrono Boost)  
  86  13:14  Phoenix  
  113  13:20  Phoenix  
  90  13:43  Phoenix  
  90  13:44  Phoenix  
  84  14:02  Phoenix  
  86  14:08  Phoenix x2  
  86  14:09  Probe x2  
  92  14:16  Photon Cannon  
  92  14:17  Photon Cannon  
  92  14:31  Phoenix  
  94  14:33  Phoenix  
  96  14:45  Phoenix  
  98  14:56  Phoenix  
  98  14:58  Phoenix  
  98  15:10  Phoenix  
  100  15:20  Phoenix  
  100  15:23  Phoenix  
  102  15:31  Probe x3  
  102  15:35  Phoenix, Twilight Council  
  107  15:38  Pylon  
  107  15:40  Pylon  
  107  15:42  Pylon  
  107  15:45  Phoenix  
  105  16:01  Phoenix x2  
  101  16:22  Phoenix  
  101  16:25  Phoenix  
  101  16:26  Phoenix  
  142  16:47  Phoenix  
  109  16:56  Nexus  
  109  16:58  Photon Cannon  
  109  16:59  Photon Cannon  
  109  17:01  Photon Cannon  
  111  17:10  Stargate  
  111  17:12  Stargate  
  111  17:14  Nexus, Pylon  
  111  17:15  Pylon  
Show
View Real Time Build Order
Export as new Build Order

OptimusPrime Terran - Winner!

Build Orders:  

Get SALT Encoding   

  8  0:00  SCV  
  9  0:12  SCV  
  10  0:24  SCV  
  11  0:36  SCV  
  11  0:39  Supply Depot  
  12  0:49  SCV  
  13  1:01  SCV  
  13  1:03  Barracks  
  14  1:07  Refinery  
  14  1:13  SCV  
  15  1:25  SCV  
  16  1:37  SCV  
  17  1:49  Orbital Command  
  17  1:50  Barracks Reactor  
  17  2:11  Command Center  
  17  2:14  Refinery  
  17  2:19  SCV  
  18  2:31  SCV, Supply Depot  
  19  2:43  Marine  
  20  2:45  Factory  
  20  2:54  Supply Depot  
  20  3:01  Supply Depot  
  20  3:06  Marine  
  20  3:09  Marine  
  22  3:23  Orbital Command  
  22  3:24  Marine  
  22  3:26  SCV  
  23  3:36  Hellion  
  23  3:40  SCV  
  25  3:52  SCV  
  26  4:04  SCV  
  27  4:16  Factory  
  23  4:18  Factory  
  23  4:24  Supply Depot  
  21  4:25  Marine  
  20  4:31  SCV  
  21  4:48  SCV x2  
  23  5:00  SCV x2  
  23  5:01  Factory Tech Lab  
  23  5:02  Factory Tech Lab  
  23  5:05  Hellion x2  
  29  5:12  SCV  
  30  5:15  Orbital Command  
  30  5:20  Infernal Pre-Igniter  
  30  5:24  SCV  
  30  5:26  Hellion x2  
  35  5:31  Hellion  
  35  5:34  Hellion  
  39  5:39  Refinery  
  39  5:42  Refinery  
  39  5:47  Hellion  
  39  5:48  Hellion  
  40  5:53  Hellion  
  40  5:54  SCV  
  40  5:55  Hellion  
  45  6:04  SCV  
  46  6:07  SCV  
  46  6:09  Hellion x2  
  51  6:13  Supply Depot  
  51  6:16  SCV  
  51  6:17  Hellion  
  54  6:19  SCV  
  55  6:27  Supply Depot  
  55  6:28  SCV, Supply Depot  
  55  6:29  Mag-Field Accelerator  
  56  6:38  SCV  
  57  6:40  SCV  
  57  6:44  Cyclone  
  57  6:45  Cyclone  
  64  6:50  SCV  
  64  6:51  Supply Depot  
  64  6:52  SCV  
  66  6:54  Supply Depot  
  66  7:02  SCV  
  66  7:03  Refinery  
  66  7:04  Refinery, SCV  
  68  7:13  Hellion x2  
  68  7:14  SCV  
  73  7:16  SCV  
  72  7:27  Command Center  
  58  7:46  Hellion x2, Cyclone x2  
  58  7:50  SCV x2  
  62  7:58  Armory  
  62  7:59  Armory  
  62  8:02  SCV x2  
  64  8:07  Widow Mine x2  
  68  8:14  SCV x2  
  68  8:18  Cyclone x2  
  76  8:23  Factory x2  
  76  8:26  SCV x2  
  78  8:29  Widow Mine x2  
  82  8:38  SCV x2  
  82  8:40  Orbital Command  
  84  8:47  Terran Vehicle Weapons Level 1  
  84  8:48  Terran Vehicle And Ship Armor Level 1  
  84  8:50  Widow Mine x2, SCV x2  
  84  8:54  Engineering Bay  
  90  8:56  Cyclone  
  90  9:02  Cyclone, SCV  
  96  9:03  SCV  
  96  9:06  SCV  
  99  9:15  SCV x2  
  101  9:18  SCV  
  102  9:25  Widow Mine x2, Factory Tech Lab, Factory Reactor  
  102  9:27  SCV x2  
  108  9:38  Cyclone x2  
  106  9:42  SCV x3  
  109  9:54  SCV x2  
  111  10:03  Command Center  
  111  10:05  Command Center, Refinery x2  
  111  10:07  Command Center  
  111  10:14  SCV, Cyclone, Hellion x2  
  119  10:17  Drilling Claws  
  119  10:19  Smart Servos  
  119  10:29  Supply Depot  
  119  10:30  Supply Depot x2  
  119  10:33  Supply Depot  
  119  10:35  Missile Turret  
  119  10:37  Missile Turret  
  119  10:41  Cyclone x2, Hellion  
  127  10:44  Terran Vehicle Weapons Level 2, Terran Vehicle And Ship Armor Level 2  
  127  10:51  Widow Mine x2, Hellion  
  127  10:54  Missile Turret x2  
  127  10:56  Hellion  
  135  11:00  Missile Turret  
  135  11:03  Hellion  
  135  11:12  Hellion, Widow Mine x2  
  135  11:13  Factory  
  135  11:14  Factory x2  
  135  11:16  Hellion x2  
  132  11:23  Cyclone  
  135  11:30  Widow Mine  
  137  11:34  Widow Mine x2  
  137  11:36  Widow Mine  
  137  11:37  Cyclone x2  
  149  11:40  Orbital Command  
  149  11:41  Orbital Command  
  149  11:46  SCV x2  
  149  11:47  SCV  
  152  11:52  Widow Mine  
  154  11:58  SCV x2  
  156  12:02  Factory Tech Lab x3  
  156  12:03  Cyclone  
  156  12:04  SCV  
  156  12:05  Missile Turret  
  160  12:09  Missile Turret, Cyclone  
  160  12:10  SCV  
  160  12:11  SCV, Missile Turret  
  153  12:21  Cyclone x4  
  153  12:22  Hellion  
  143  12:33  Hellion  
  143  12:35  Cyclone  
  141  12:38  Hellion  
  141  12:39  Hellion  
  141  12:41  Siege Tank  
  141  12:43  Hellion  
  144  12:47  Planetary Fortress  
  144  12:49  Refinery  
  144  12:50  Refinery  
  144  12:53  Siege Tank, Hellion  
  144  12:54  Hellion x3  
  155  13:00  Hellion  
  157  13:07  Siege Tank  
  160  13:13  Siege Tank  
  160  13:14  Siege Tank  
  160  13:18  Siege Tank x2  
  172  13:21  Hellion  
  172  13:22  Hellion x2  
  172  13:24  Hellion  
  180  13:30  Terran Vehicle Weapons Level 3  
  180  13:35  Command Center  
  180  13:47  Siege Tank x2  
  186  13:54  Widow Mine x4  
  198  13:59  Widow Mine  
  198  14:01  Terran Vehicle And Ship Armor Level 3  
  198  14:03  Widow Mine  
  198  14:35  Widow Mine  
  200  14:59  Widow Mine  
  200  15:00  Widow Mine x2  
  200  15:04  Widow Mine  
  185  15:08  Siege Tank x2  
  185  15:09  Siege Tank x3  
  186  15:17  Hellion  
  186  15:20  Hellion  
  186  15:21  Siege Tank, Hellion  
  172  15:25  Hellion  
  174  15:37  Refinery  
  174  15:39  Hellion  
  174  15:40  Siege Tank  
  174  15:41  Siege Tank x4  
  174  15:42  Hellion  
  154  15:50  Widow Mine x2  
  154  15:53  Planetary Fortress, Refinery, Widow Mine  
  157  15:59  Missile Turret  
  157  16:00  Missile Turret  
  157  16:13  Cyclone x4  
  157  16:14  Cyclone x2, Hellion x2  
  157  16:15  Hellion x2, Command Center  
  183  16:18  Command Center  
  183  16:19  Missile Turret  
  183  16:21  Missile Turret  
  183  16:22  Missile Turret  
  183  16:23  Missile Turret  
  183  16:24  Missile Turret  
  183  16:36  Hellion  
  183  16:38  Missile Turret  
  174  16:53  Hellion x3  
Show
View Real Time Build Order
Export as new Build Order

GINGER Zerg 

Build Orders: 3 Hatch before Pool 

Get SALT Encoding   

  8  0:00  Drone  
  9  0:10  Drone  
  10  0:16  Drone  
  11  0:22  Drone  
  12  0:30  Extractor, Drone  
  13  0:38  Overlord  
  13  0:57  Drone x2  
  13  1:00  Drone  
  16  1:11  Drone  
  17  1:20  Hatchery  
  17  1:23  Drone  
  17  1:30  Drone  
  18  1:41  Drone  
  19  1:51  Hatchery  
  19  1:54  Drone  
  19  1:56  Extractor  
  18  2:02  Drone  
  18  2:03  Extractor  
  18  2:10  Drone  
  19  2:22  Drone  
  20  2:33  Drone x2, Spawning Pool  
  21  2:39  Drone  
  21  2:42  Drone  
  23  2:50  Drone  
  24  2:53  Overlord  
  24  2:56  Extractor  
  23  3:00  Drone  
  23  3:03  Drone  
  23  3:04  Drone  
  26  3:12  Drone  
  27  3:13  Drone  
  27  3:18  Drone  
  29  3:20  Drone  
  29  3:24  Lair  
  29  3:25  Drone  
  31  3:27  Drone  
  31  3:29  Drone  
  33  3:35  Drone x2  
  35  3:44  Drone  
  35  3:47  Metabolic Boost  
  36  3:51  Evolution Chamber, Drone  
  36  3:55  Overlord  
  36  4:01  Spore Crawler  
  35  4:03  Spore Crawler  
  35  4:04  Drone  
  35  4:05  Drone  
  36  4:14  Drone x3  
  39  4:17  Spore Crawler  
  39  4:23  Spire  
  37  4:26  Drone  
  37  4:27  Spore Crawler  
  37  4:28  Drone  
  37  4:30  Drone  
  39  4:41  Overlord  
  39  4:42  Drone x4  
  39  4:44  Drone  
  44  4:59  Drone  
  45  5:03  Drone x4  
  45  5:04  Drone x3  
  52  5:14  Overlord  
  52  5:18  Extractor  
  52  5:20  Zerg Ground Armor Level 1  
  51  5:28  Overlord  
  51  5:30  Zerg Flyer Weapons Level 1  
  51  5:32  Queen x2  
  55  5:45  Spore Crawler  
  55  5:46  Drone x6  
  55  5:47  Drone x2  
  62  5:57  Mutalisk x3  
  68  6:10  Infestation Pit  
  67  6:18  Spore Crawler  
  66  6:19  Corruptor  
  66  6:20  Overlord  
  66  6:21  Overlord x3  
  66  6:23  Extractor  
  67  6:26  Extractor  
  66  6:36  Overlord  
  66  6:37  Overlord x2, Mutalisk  
  66  6:38  Corruptor x3  
  66  6:39  Spore Crawler  
  73  6:43  Corruptor x2  
  73  6:44  Corruptor x3  
  73  6:46  Mutalisk  
  85  6:57  Overseer  
  85  7:03  Overlord  
  85  7:04  Overlord x2  
  85  7:14  Zerg Melee Weapons Level 1  
  71  7:49  Mutalisk x3  
  71  7:50  Mutalisk x2  
  80  7:51  Zergling x2  
  80  7:52  Zergling x10  
  86  8:06  Mutalisk x2  
  86  8:08  Zergling x4  
  92  8:13  Queen  
  92  8:14  Queen  
  96  8:26  Overlord x4  
  92  9:01  Zergling x4  
  92  9:02  Zergling x14  
  83  9:51  Zergling x18  
  83  9:52  Zergling x8  
  96  10:17  Zerg Ground Armor Level 2  
  96  10:18  Zerg Flyer Weapons Level 2  
  96  10:21  Hive  
  96  10:25  Hatchery  
  96  10:27  Hydralisk Den  
  94  10:30  Drone  
  94  10:31  Drone x7, Evolution Chamber  
  94  10:32  Drone x4  
  73  11:36  Hydralisk x3  
  73  11:37  Hydralisk x9  
  97  11:42  Zerg Missile Weapons Level 1  
  97  11:43  Grooved Spines  
  97  12:02  Hydralisk x3  
  97  12:03  Hydralisk  
  105  12:31  Mutalisk x4  
  105  12:32  Mutalisk x4  
  105  12:33  Zerg Melee Weapons Level 2, Muscular Augments  
  105  12:35  Zerg Flyer Armor Level 1  
  121  12:44  Drone x5  
  122  12:45  Drone  
  122  12:46  Drone  
  122  12:47  Drone x3  
  131  13:05  Adrenal Glands  
  131  13:36  Zerg Ground Armor Level 3  
  131  13:42  Overlord x5  
  131  13:43  Overlord  
  131  13:55  Zergling x2  
  132  13:57  Overlord x2  
  132  14:10  Zergling x8  
  132  14:11  Zergling x22, Overlord  
  132  14:12  Zergling x8  
  141  14:29  Zerg Flyer Weapons Level 3  
  137  14:37  Zergling x12  
  137  14:38  Zergling x16  
  128  14:55  Hydralisk x5  
  128  14:56  Hydralisk  
Show
View Real Time Build Order
Export as new Build Order

IIIIIIII Zerg 

Build Orders: Pool First 

Get SALT Encoding   

  8  0:01  Drone  
  9  0:11  Drone  
  10  0:17  Drone  
  11  0:23  Drone  
  11  0:27  Extractor  
  11  0:33  Drone  
  12  0:54  Spawning Pool  
  11  0:58  Drone  
  12  1:15  Overlord  
  12  1:43  Zergling x2, Metabolic Boost  
  12  1:44  Zergling x2  
  14  1:47  Zergling x2  
  15  2:00  Zergling x2  
  16  2:09  Drone  
  16  2:13  Drone  
  18  2:29  Hatchery  
  17  2:33  Drone  
  17  2:34  Drone  
  19  2:47  Drone  
  20  3:01  Overlord  
  20  3:23  Drone  
  20  3:24  Drone x2  
  23  3:34  Drone  
  24  3:44  Drone, Queen  
  24  3:45  Drone  
  28  3:48  Hatchery  
  28  3:52  Drone  
  29  3:55  Drone  
  29  4:02  Drone  
  30  4:03  Drone  
  30  4:14  Drone  
  29  4:20  Drone  
  29  4:21  Drone  
  31  4:25  Overlord  
  31  4:42  Overlord  
  31  4:43  Overlord  
  31  4:48  Drone x2  
  32  4:53  Extractor  
  32  4:57  Drone  
  32  4:58  Drone, Roach Warren  
  32  4:59  Lair  
  32  5:00  Extractor  
  32  5:05  Drone  
  32  5:06  Drone x2, Queen  
  36  5:09  Spore Crawler  
  36  5:11  Spore Crawler  
  34  5:15  Drone  
  34  5:18  Extractor  
  34  5:19  Drone  
  34  5:20  Drone x2  
  37  5:23  Drone  
  37  5:26  Drone  
  37  5:27  Drone  
  40  5:29  Drone  
  40  5:32  Drone  
  40  5:33  Drone  
  40  5:35  Drone  
  44  5:37  Drone  
  44  5:40  Drone  
  46  5:57  Glial Reconstitution  
  46  6:00  Roach  
  46  6:01  Overlord  
  46  6:02  Roach  
  46  6:03  Roach x3  
  56  6:16  Roach  
  56  6:17  Overlord  
  58  6:18  Roach  
  58  6:19  Roach x2  
  58  6:23  Overlord  
  64  6:29  Overlord  
  64  6:41  Overlord  
  64  6:47  Roach x2  
  66  6:50  Hatchery  
  66  6:52  Overlord  
  67  6:55  Drone x3  
  70  7:04  Drone, Evolution Chamber  
  70  7:05  Drone  
  70  7:07  Evolution Chamber  
  70  7:17  Roach  
  70  7:18  Roach  
  74  7:35  Roach x2  
  74  7:36  Roach  
  74  7:37  Roach x2  
  84  7:55  Zerg Missile Weapons Level 1, Zerg Ground Armor Level 1, Overlord  
  84  7:56  Overlord  
  84  7:57  Overlord  
  84  8:07  Overlord  
  84  8:08  Overlord  
  84  8:09  Overlord  
  84  8:10  Overlord  
  84  8:20  Overlord  
  84  8:22  Roach  
  84  8:23  Roach  
  88  8:31  Overlord  
  88  8:32  Drone  
  88  8:33  Drone x10  
  97  8:46  Drone x5  
  97  8:47  Drone x3  
  105  8:52  Hydralisk Den  
  104  8:58  Drone x4  
  104  8:59  Queen  
  104  9:02  Extractor  
  109  9:04  Extractor  
  109  9:08  Roach  
  112  9:10  Roach x7  
  118  9:32  Roach  
  118  9:34  Roach  
  118  9:36  Roach  
  98  9:41  Roach  
  98  9:42  Drone  
  95  9:49  Roach  
  97  10:03  Roach x13  
  97  10:06  Grooved Spines  
  123  10:07  Hydralisk  
  123  10:09  Overlord x2  
  123  10:13  Hydralisk  
  127  10:16  Zerg Missile Weapons Level 2  
  127  10:17  Zerg Ground Armor Level 2  
  127  10:21  Overlord  
  127  10:22  Infestation Pit  
  127  10:26  Overseer  
  126  10:28  Hydralisk, Hatchery  
  126  10:29  Hydralisk x6  
  139  10:41  Hydralisk x5  
  149  10:46  Overlord  
  149  10:49  Hydralisk  
  149  10:52  Overseer x2  
  149  10:57  Muscular Augments  
  151  10:58  Hive  
  151  11:07  Hydralisk  
  151  11:08  Hydralisk  
  151  11:09  Hydralisk  
  157  11:17  Hydralisk  
  159  11:24  Hydralisk  
  143  11:33  Hydralisk  
  143  11:35  Hydralisk  
  143  11:36  Hydralisk x7  
  143  11:37  Hatchery  
  158  11:45  Hydralisk  
  160  11:49  Hydralisk  
  160  11:50  Overlord  
  160  11:51  Overlord  
  160  11:52  Overlord x2  
  162  11:58  Hydralisk  
  164  12:09  Hydralisk  
  164  12:10  Hydralisk x5  
  164  12:15  Hydralisk  
  176  12:16  Overlord  
  160  12:44  Roach x12  
  148  12:45  Roach x3  
  148  12:50  Hydralisk  
  178  12:54  Roach  
  180  13:04  Overlord  
  180  13:05  Roach  
  182  13:06  Roach x2  
  182  13:07  Roach  
  182  13:08  Roach  
  182  13:12  Zerg Missile Weapons Level 3  
  190  13:28  Unknown, Hydralisk  
  185  13:34  Spore Crawler  
  185  13:37  Spore Crawler  
  182  13:44  Drone  
  182  13:45  Drone x16  
  195  14:08  Hydralisk  
  183  14:26  Overlord x2  
  183  14:27  Overlord  
  183  14:30  Overlord  
  183  14:32  Zerg Ground Armor Level 3  
  183  14:39  Overlord  
  183  14:46  Nydus Network  
  183  14:47  Nydus Network  
  183  14:49  Hydralisk  
  183  14:50  Hydralisk  
  165  15:13  Hydralisk  
  93  15:14  Hydralisk  
  93  15:15  Hydralisk x17  
  93  15:17  Hydralisk  
  117  15:23  Extractor  
  117  15:24  Extractor  
  117  15:28  Hydralisk x2  
  115  15:29  Hydralisk x6  
  131  15:36  Hydralisk  
  131  15:37  Roach  
  131  15:38  Roach x3  
  131  15:39  Hydralisk  
  143  15:47  Hydralisk  
  136  15:51  Hydralisk  
  136  15:53  Hydralisk  
  136  15:56  Hydralisk  
  124  16:01  Hydralisk  
  126  16:18  Hydralisk  
  122  16:20  Hatchery  
  121  16:26  Hydralisk  
  121  16:27  Hydralisk x12  
  145  16:37  Hydralisk  
  145  16:38  Hydralisk x6  
Show
View Real Time Build Order
Export as new Build Order

madferit Zerg 

Build Orders: Pool First 

Get SALT Encoding   

  8  0:00  Drone  
  9  0:10  Drone  
  10  0:17  Drone  
  11  0:22  Drone  
  12  0:43  Spawning Pool  
  12  0:47  Drone  
  12  0:55  Extractor  
  12  0:56  Drone  
  12  1:03  Overlord  
  12  1:29  Zergling x6  
  15  1:38  Queen  
  17  1:44  Zergling x2  
  18  1:52  Zergling x2  
  19  2:00  Metabolic Boost  
  19  2:05  Zergling x2  
  20  2:17  Overlord  
  20  2:42  Zergling x6  
  23  2:47  Zergling x6  
  25  2:56  Zergling x2  
  25  3:20  Zergling x6  
  27  3:47  Zergling x4  
  28  3:50  Overlord  
  26  3:57  Drone x2  
  28  4:15  Zergling x4  
  25  4:21  Zergling x2  
  25  4:22  Zergling x4  
  25  4:34  Drone x2  
  27  4:41  Drone  
  27  4:44  Hatchery  
  26  4:53  Drone x2  
  26  4:54  Drone x2  
  26  4:59  Lair  
  30  5:10  Extractor, Drone  
  30  5:22  Drone  
  30  5:23  Drone  
  30  5:28  Drone x3  
  33  5:47  Drone x2  
  33  5:57  Queen  
  33  5:59  Drone x5  
  40  6:07  Overlord  
  40  6:26  Drone  
  40  6:27  Drone x3  
  40  6:32  Overlord  
  44  6:39  Drone x4  
  48  6:51  Evolution Chamber x2, Drone  
  48  6:52  Drone  
  48  6:59  Drone x2, Hatchery  
  49  7:01  Baneling Nest  
  49  7:03  Extractor  
  49  7:04  Drone  
  49  7:05  Extractor  
  47  7:11  Overlord  
  47  7:14  Drone x2  
  47  7:15  Drone x2  
  50  7:16  Drone x2  
  49  7:31  Zerg Melee Weapons Level 1, Zerg Ground Armor Level 1  
  49  7:44  Zergling x20  
  50  7:49  Overlord  
  50  7:50  Overlord  
  59  7:52  Centrifugal Hooks  
  59  7:56  Zergling x2  
  60  8:09  Zergling x2  
  60  8:10  Zergling x4  
  63  8:14  Queen  
  65  8:24  Zergling x14  
  65  8:25  Zergling x2  
  73  8:31  Drone  
  73  8:32  Drone  
  73  8:33  Drone  
  76  8:42  Drone x5  
  81  8:51  Baneling x6  
  81  8:55  Baneling x5  
  80  8:59  Overlord x2  
  80  9:00  Overlord  
  80  9:02  Drone x4  
  84  9:10  Overlord  
  84  9:11  Baneling x3  
  84  9:19  Drone  
  84  9:20  Drone x5  
  90  9:24  Hatchery  
  90  9:27  Zerg Melee Weapons Level 2  
  90  9:28  Zerg Ground Armor Level 2  
  89  9:31  Drone  
  89  9:32  Extractor x2, Drone x5  
  89  9:33  Drone  
  84  9:56  Overseer x4  
  84  9:57  Zergling x2  
  84  9:58  Zergling x22  
  92  10:14  Drone  
  92  10:17  Infestation Pit  
  92  10:18  Zergling x14  
  92  10:19  Zergling x2  
  100  10:23  Overlord  
  100  10:25  Extractor  
  99  10:41  Drone, Spore Crawler  
  99  10:44  Drone  
  99  10:45  Spore Crawler  
  99  10:46  Drone x2  
  99  10:47  Drone  
  99  10:48  Spore Crawler  
  101  10:50  Spore Crawler  
  101  10:51  Zergling x2  
  101  10:52  Zergling x18  
  101  10:53  Baneling  
  101  10:54  Baneling x4  
  110  10:58  Overseer  
  99  11:15  Zergling x2  
  99  11:16  Zergling x2  
  91  11:19  Zergling x2  
  91  11:20  Zergling x10  
  91  11:31  Overlord  
  91  11:32  Overlord x5  
  84  11:39  Overlord x3  
  82  11:40  Overlord  
  82  11:41  Hive  
  82  11:44  Baneling  
  82  11:45  Baneling x5, Spore Crawler  
  81  11:51  Zergling x20  
  81  11:53  Overseer  
  91  11:58  Extractor  
  92  12:09  Spore Crawler  
  92  12:10  Drone x5, Spore Crawler  
  92  12:11  Drone x8  
  96  12:16  Zergling x2  
  94  12:26  Zergling x6  
  87  12:35  Roach Warren  
  86  12:37  Zerg Missile Weapons Level 1  
  86  12:45  Zergling x12  
  86  12:46  Hatchery  
  86  12:47  Baneling  
  86  12:48  Baneling x3  
  91  12:51  Overlord x2  
  91  12:52  Overlord  
  91  12:54  Adrenal Glands  
  91  12:59  Evolution Chamber  
  91  13:01  Evolution Chamber  
  91  13:03  Spore Crawler  
  88  13:08  Baneling x4  
  88  13:09  Zergling x20  
  88  13:10  Zergling x2  
  99  13:16  Ultralisk Cavern, Zergling x2  
  99  13:17  Zergling x2  
  99  13:18  Baneling x2  
  99  13:19  Baneling x2  
  100  13:23  Queen  
  102  13:27  Zerg Melee Weapons Level 3  
  102  13:28  Zerg Ground Armor Level 3  
  102  13:39  Zergling x14  
  102  13:40  Zergling x8  
  102  13:41  Baneling x6  
  113  13:59  Queen  
  115  14:13  Chitinous Plating  
  115  14:16  Ultralisk x4  
  139  14:18  Zergling x6  
  142  14:27  Overseer x3  
  142  14:29  Drone  
  142  14:30  Drone x3  
  142  14:31  Overlord x2  
  146  14:49  Ultralisk x3  
  146  14:51  Baneling x3  
  146  14:52  Baneling x3  
  156  15:05  Zergling x2  
  156  15:06  Zergling x24  
  135  15:07  Zergling x2  
  135  15:11  Zergling x6  
  135  15:12  Zergling x4  
  115  15:23  Zergling x2  
  115  15:24  Zergling x12, Ultralisk x2  
  115  15:25  Ultralisk  
  135  15:32  Anabolic Synthesis  
  135  15:34  Baneling x6  
  133  15:37  Zergling x2  
  133  15:38  Zergling x16  
  133  15:41  Baneling x5  
  133  15:42  Baneling  
  132  15:46  Queen  
  126  15:50  Ultralisk x2  
  126  15:51  Ultralisk  
  143  15:57  Zergling x2  
  143  15:58  Zergling x12  
  143  16:01  Overlord x2  
  143  16:03  Overseer x2  
  149  16:07  Baneling x4  
  144  16:31  Overlord x3  
  113  16:43  Overlord  
  113  16:44  Overlord x6  
Show
View Real Time Build Order
Export as new Build Order

morpheus Zerg 

Build Orders: Pool First, Lurkers 

Get SALT Encoding   

  8  0:01  Drone  
  9  0:11  Drone  
  10  0:18  Drone  
  11  0:26  Drone  
  12  0:39  Overlord  
  12  0:57  Drone x2  
  12  0:58  Drone  
  15  1:04  Extractor  
  15  1:11  Spawning Pool  
  13  1:13  Drone  
  13  1:18  Drone  
  15  1:30  Drone  
  16  1:38  Drone  
  17  1:48  Drone  
  18  2:00  Drone  
  19  2:03  Hatchery  
  19  2:07  Drone  
  19  2:16  Lair  
  19  2:19  Drone  
  20  2:25  Extractor  
  20  2:27  Drone  
  20  2:38  Overlord  
  20  3:00  Drone  
  20  3:01  Drone  
  22  3:11  Drone  
  23  3:15  Queen  
  23  3:19  Queen  
  25  3:21  Overlord  
  25  3:22  Hydralisk Den  
  25  3:25  Drone  
  27  3:29  Drone  
  27  3:32  Drone  
  29  3:47  Drone  
  30  3:51  Hydralisk  
  30  3:52  Hydralisk  
  30  3:54  Hydralisk  
  36  4:00  Hydralisk  
  38  4:05  Hydralisk  
  40  4:22  Overlord x2  
  40  4:29  Grooved Spines  
  40  4:33  Overlord  
  40  4:43  Hydralisk x2  
  44  4:47  Hydralisk  
  44  4:50  Drone  
  48  4:52  Drone  
  48  4:55  Drone  
  48  4:58  Drone  
  50  5:01  Drone  
  50  5:03  Drone  
  50  5:06  Drone  
  53  5:12  Hydralisk  
  55  5:20  Muscular Augments  
  55  5:22  Hydralisk  
  55  5:28  Hydralisk x3  
  63  5:36  Hydralisk  
  61  5:46  Hydralisk  
  61  5:50  Overlord  
  61  5:51  Overlord  
  61  5:52  Drone x3  
  61  5:53  Drone  
  61  6:02  Overlord  
  61  6:07  Drone  
  62  6:11  Drone  
  63  6:22  Drone x3, Hatchery  
  65  6:26  Queen, Extractor  
  65  6:27  Extractor  
  65  6:34  Drone x4  
  65  6:36  Drone  
  70  6:43  Drone  
  70  6:44  Drone x2  
  70  6:45  Drone  
  74  6:50  Evolution Chamber  
  74  6:51  Evolution Chamber  
  72  6:54  Evolution Chamber  
  72  6:55  Overseer  
  72  6:57  Drone  
  72  6:58  Drone  
  73  7:05  Spore Crawler  
  72  7:11  Drone x6  
  72  7:15  Spore Crawler  
  75  7:21  Hydralisk x2  
  79  7:30  Hydralisk  
  79  7:31  Hydralisk  
  83  7:38  Spore Crawler  
  83  7:39  Spore Crawler  
  83  7:40  Spore Crawler  
  83  7:43  Queen  
  82  7:45  Drone  
  82  7:48  Hydralisk  
  85  7:53  Hydralisk  
  85  7:54  Hydralisk  
  85  7:58  Zerg Ground Armor Level 1  
  89  8:00  Zerg Missile Weapons Level 1  
  89  8:04  Hydralisk  
  91  8:11  Drone  
  91  8:12  Overlord x2  
  92  8:20  Overlord  
  92  8:24  Overlord x2  
  92  8:30  Hydralisk  
  92  8:31  Hydralisk x2  
  92  8:32  Hydralisk  
  98  8:48  Hydralisk  
  98  8:49  Hydralisk x4  
  108  8:58  Hydralisk  
  108  8:59  Hydralisk x3  
  116  9:05  Drone x4  
  116  9:07  Drone  
  116  9:09  Overlord  
  121  9:12  Overlord  
  99  9:35  Hydralisk x8  
  105  9:41  Hydralisk  
  97  9:47  Drone x3  
  97  9:52  Zerg Ground Armor Level 2  
  90  9:55  Zerg Missile Weapons Level 2  
  90  10:00  Drone x3  
  90  10:02  Lurker Den  
  90  10:03  Extractor x2  
  90  10:08  Hydralisk x3  
  90  10:13  Queen  
  98  10:15  Drone x3  
  101  10:24  Drone x5, Infestation Pit  
  101  10:25  Drone  
  98  10:37  Spore Crawler  
  98  10:38  Spore Crawler  
  96  10:44  Overlord  
  96  10:45  Overlord, Hydralisk  
  96  10:46  Hydralisk  
  100  10:52  Hydralisk  
  100  10:54  Hatchery  
  101  11:00  Lurker x5  
  101  11:02  Hydralisk x2  
  110  11:11  Hive  
  110  11:23  Hydralisk  
  110  11:24  Hydralisk x3  
  118  11:28  Drone  
  118  11:29  Drone x9  
  128  11:39  Hydralisk x4  
  130  11:41  Hydralisk  
  130  11:45  Zerg Melee Weapons Level 1  
  138  11:52  Hydralisk  
  138  11:53  Hydralisk x2  
  142  12:00  Hydralisk  
  107  12:10  Hydralisk  
  107  12:11  Hydralisk x3  
  115  12:16  Drone x3, Hydralisk  
  115  12:17  Hydralisk  
  115  12:21  Extractor, Queen  
  123  12:23  Drone x5  
  123  12:24  Extractor  
  127  12:31  Adaptive Talons  
  127  12:38  Drone x2  
  127  12:39  Drone x3  
  132  12:58  Hatchery  
  131  13:02  Hydralisk x3  
  131  13:03  Hydralisk x2  
  131  13:04  Lurker  
  131  13:05  Lurker x3  
  145  13:19  Hydralisk  
  145  13:20  Hydralisk x2  
  145  13:23  Zerg Ground Armor Level 3  
  151  13:28  Seismic Spines  
  151  13:30  Zerg Missile Weapons Level 3  
  151  13:34  Spore Crawler  
  150  13:36  Spore Crawler  
  150  13:41  Hydralisk, Extractor  
  140  13:42  Drone x2, Extractor  
  140  13:43  Drone x10  
  152  13:50  Overlord x3  
  152  14:08  Hydralisk, Overlord x2  
  152  14:09  Overlord  
  154  14:16  Hydralisk  
  150  14:17  Hydralisk x14  
  150  14:21  Hydralisk  
  176  14:29  Hydralisk x2  
  180  14:32  Overseer x2  
  180  14:33  Pneumatized Carapace, Hydralisk  
  182  14:45  Hydralisk  
  182  14:46  Hydralisk x4  
  182  14:49  Hydralisk  
  182  14:50  Zergling x2  
  193  14:58  Hydralisk x3  
  193  14:59  Hydralisk  
  166  15:02  Hydralisk  
  166  15:05  Hydralisk  
  143  15:07  Hydralisk  
  143  15:10  Hydralisk  
  143  15:12  Hydralisk  
  131  15:17  Hydralisk  
  131  15:18  Hydralisk  
  131  15:21  Hydralisk x6  
  135  15:22  Hydralisk  
  135  15:26  Lurker x4  
  153  15:29  Zergling x2  
  153  15:30  Zergling x4  
  152  15:36  Hydralisk  
  152  15:37  Hydralisk  
  152  15:41  Hydralisk x3  
  162  15:45  Hydralisk  
  162  15:46  Spore Crawler  
  162  15:48  Spore Crawler  
  162  15:50  Overlord  
  162  15:51  Spore Crawler, Overlord  
  162  15:52  Hydralisk  
  163  15:57  Spore Crawler  
  163  15:59  Spore Crawler x2  
  163  16:02  Spore Crawler  
  163  16:03  Hydralisk x5, Spore Crawler  
  167  16:10  Spore Crawler x2  
  165  16:17  Lurker x4  
  169  16:19  Hydralisk  
  162  16:30  Hydralisk x3  
  162  16:31  Hydralisk  
  153  16:36  Zergling x2  
  153  16:37  Zergling x12  
  143  16:51  Zergling x8  
Tags
 
Add a new tag
Caveats
  • Supply blocks, unpowered buildings, or Contaminate may cause inaccurate times.
  • Supply counts are checked every 10 seconds.